 Dungeon Crawl Stone Soup version 0.31-a0-1620-gcbf77bbcfc (webtiles) character file.

Game seed: 323314935279001587

3231 Laraso the Thaumaturge (level 9, -32/62 HPs)
             Began as a Red Draconian Conjurer on Jan 11, 2024.
             Was a Follower of Vehumet.
             Annihilated by Gastronok (34 damage)
             ... on level 8 of the Dungeon.
             The game lasted 00:11:38 (7677 turns).

Laraso the Thaumaturge (Red Draconian Conjurer)     Turns: 7677, Time: 00:11:39

Health: -32/62     AC:  7    Str:  9    XL:     9   Next: 66%
Magic:  19/23      EV: 12    Int: 22    God:    Vehumet [*.....]
Gold:   454        SH:  0    Dex: 11    Spells: 21/28 levels left

rFire   + + .        u - +0 spear (venom)
rCold   . . .        (no shield)
rNeg    . . .        (body armour unavailable)
rPois   .            (helmet restricted)
rElec   .            (no cloak)
rCorr   .            (no gloves)
SInv    .            (no boots)
Will    .....        y - amulet of magic regeneration
Stlth   ++           e - ring of protection from fire
HPRegen 0.30/turn    (no ring)
MPRegen 0.58/turn

%: no passive effects
@: short of breath
A: breathe fire, AC +7, unfitting armour, fire resistance 1, cold-blooded, fangs
1, stinger 1
a: Breathe Fire, Renounce Religion


You were on level 8 of the Dungeon.
You worshipped Vehumet.
Vehumet was aware of your devotion.
You visited 2 branches of the dungeon, and saw 9 of its levels.

You collected 474 gold pieces.
You spent 20 gold pieces at shops.

Inventory:

Hand Weapons
 c - a +2 dagger of holy wrath
 u - a +0 spear of venom (weapon)
Magical Staves
 z - a staff of earth
Jewellery
 e - a ring of protection from fire (left hand)
 y - an amulet of magic regeneration (around neck)
Talismans
 h - a maw talisman
Wands
 i - a wand of charming (22)
 n - a wand of roots (12)
 x - a wand of polymorph (9)
 A - a wand of light (8)
 C - a wand of flame (2)
 E - a wand of digging (5)
Scrolls
 b - 2 scrolls of fog
 d - a scroll of amnesia
 f - a scroll of revelation
 j - a scroll of fear
 k - a scroll of vulnerability
 o - a scroll of brand weapon {unknown}
 q - a scroll of blinking {unknown}
 s - a scroll of noise {unknown}
 t - 2 scrolls of silence {unknown}
 v - 3 scrolls of teleportation
 w - a scroll of poison
Potions
 a - 2 potions of magic
 g - 2 potions of cancellation {unknown}
 l - a potion of lignification
 m - a potion of haste {unknown}
 p - a potion of enlightenment {unknown}
 r - 2 potions of berserk rage {unknown}
 B - a potion of attraction {unknown}
 D - a potion of mutation


   Skills:
 - Level 1.7 Dodging
 - Level 1.7 Stealth
 * Level 10.4 Spellcasting
 - Level 8.0 Conjurations
 - Level 4.0 Alchemy


You had 21 spell levels left.
You knew the following spells:

 Your Spells              Type           Power      Damage    Failure   Level
a - Magic Dart            Conj           100%       1d8       1%          1
b - Searing Ray           Conj           92%        2d7       1%          2
f - Fulminant Prism       Conj/Alch      18%        3d10      4%          4

Your spell library contained the following spells:

 Spells                   Type           Power      Damage    Failure   Level
 Foxfire                  Conj/Fire      100%       2x1d9     1%          1
 Sting                    Conj/Alch      100%       1d9       1%          1
 Mercury Vapours          Alch/Air       40%        N/A       3%          2
 Apportation              Tloc           22%        N/A       6%          1
 Necrotise                Necr           44%        1d6       6%          1
 Summon Small Mammal      Summ           44%        N/A       6%          1
 Iskenderun's Mystic Bla  Conj/Tloc      29%        2d7       11%         4
 Summon Ice Beast         Ice/Summ       11%        N/A       17%         3
 Sticky Flame             Fire/Alch      20%        2d6       26%         4
 Summon Blazeheart Golem  Fire/Summ      11%        N/A       50%         4
 Summon Mana Viper        Hex/Summ       11%        N/A       85%         5
 Monstrous Menagerie      Summ           5%         N/A       100%        7


Dungeon Overview and Level Annotations

Branches:
Dungeon (8/15)             Temple (1/1) D:6
   Lair: D:8-11

Altars:
Ashenzari
Cheibriados
Dithmenos
Elyvilon
Fedhas
Gozag
Kikubaaqudgha
Makhleb
Nemelex Xobeh
Qazlal
Ru
Sif Muna
Trog
Uskayaw
Vehumet
Wu Jian
Xom
Yredelemnul
Zin
The Shining One

Shops:
D:7 ?

Annotations:
D:8 Gastronok


Innate Abilities, Weirdness & Mutations

You can breathe blasts of fire.
Your fiery red scales are hard. (AC +7)
You cannot fit into any form of body armour.
Your flesh is heat resistant. (rF+)
You are cold-blooded and may be slowed by cold attacks.
You have very sharp teeth.
Your tail ends in a venomous barb.


Message History

A fulminant prism comes into view.
Gastronok is engulfed in blazing flames.
Gastronok bubbles merrily.
Unknown command.
Casting: Fulminant Prism (dangerous; 4% risk of failure)
Confirm with . or Enter, or press ? or * to list all spells.
Aiming: Searing Ray (safe; 1% risk of failure)
Press: ? - help, Shift-Dir - straight line The searing ray hits Gastronok.
Gastronok is moderately wounded. (Press . to maintain the ray.)
Your fulminant prism crackles loudly.
Unknown command.
The searing ray hits Gastronok.
Gastronok is moderately wounded.
Gastronok is engulfed in blazing flames.
Gastronok bites you!!!
Ouch! That really hurt!
* * * LOW HITPOINT WARNING * * *
Your fulminant prism explodes!
The blast of energy engulfs Gastronok!!
Gastronok is severely wounded.
You hear a shout!
Okay, then.
Aiming: Bolt of Light
Press: ? - help, Shift-Dir - straight line The bolt of light hits Gastronok!
Gastronok is severely wounded.
Gastronok is blinded.
Unknown command.
Unknown command.
Unknown command.
Aiming: Bolt of Light
Press: ? - help, Shift-Dir - straight line The bolt of light hits Gastronok!
Gastronok is almost dead.
Gastronok bites you!!
Ouch! That really hurt!
You die...
Gastronok gurgles, "About time.
I'm starving!"

######### #.......#
########## ##.#####.#
#........# #####..#####.##
#.#......# .....%........#
#.#......#
##########....###.#......#.
# #...........@.#........ #
#.####.....w###......#. #
#......# #........ #
(........# #.......# #
..........# #.......# #
........#####......## #
....########.........#... #
.....#......#.........#..#
# #
#.#####......#..#####..#..#
.


You could see Gastronok (swift, blind, unable to see you).

Vanquished Creatures
  A hornet (D:5)
  A wyvern (D:8)
  A shadow (D:8)
  Eustachio (D:6)
  A yak (D:8)
  Menkaure (D:4)
  3 ice beasts
  4 sky beasts
  2 orc warriors (D:8)
  A black bear (D:5)
  2 centaurs
  An ogre (D:6)
  2 phantoms
  2 kobold brigands (D:8)
  A scorpion (D:4)
  2 bullfrogs
  An electric eel (D:8)
  3 howler monkeys (D:8)
  3 orc priests
  2 hounds (D:7)
  A sleepcap (D:7)
  5 orc wizards
  2 adders
  7 gnolls (D:7)
  A shadow imp (D:7)
  2 white imps (D:6)
  2 ufetubi (D:5)
  A dart slug (D:4)
  34 orcs
  An endoplasm (D:1)
  4 giant cockroaches
  7 goblins
  8 hobgoblins
  8 jackals
  5 quokkas
  11 ball pythons
  6 bats
  2 frilled lizards (D:1)
  14 kobolds
  4 rats
160 creatures vanquished.

Vanquished Creatures (others)
  12 fulminant prisms
12 creatures vanquished.

Grand Total: 172 creatures vanquished

Notes
Turn   | Place    | Note
-------+----------+-------------------------------------------
     0 | D:1      | Laraso the Draconian Conjurer began the quest for the Orb.
     0 | D:1      | Reached XP level 1. HP: 14/14 MP: 3/3
   231 | D:1      | Reached XP level 2. HP: 20/20 MP: 2/5
   326 | D:1      | Learned a level 2 spell: Searing Ray
   511 | D:1      | Reached skill level 3 in Spellcasting
   761 | D:1      | Reached XP level 3. HP: 26/26 MP: 7/7
  1151 | D:2      | Found a bloodstained altar of Trog.
  1804 | D:3      | Reached skill level 4 in Spellcasting
  1918 | D:3      | Reached XP level 4. HP: 33/33 MP: 7/10
  2102 | D:3      | Identified the amulet "Mits" {Faith rElec rCorr}
  2280 | D:3      | Got the Lectures on Windy Fever
  3008 | D:4      | Noticed a phantom
  3019 | D:4      | Killed a phantom
  3020 | D:4      | Reached skill level 5 in Spellcasting
  3020 | D:4      | Reached XP level 5. HP: 21/38 MP: 1/12
  3163 | D:4      | Noticed Menkaure
  3168 | D:4      | Killed Menkaure
  3169 | D:4      | Reached skill level 6 in Spellcasting
  3169 | D:4      | Reached XP level 6. HP: 45/45 MP: 8/15
  3744 | D:5      | Entered Level 5 of the Dungeon
  3991 | D:5      | Noticed a hornet
  3998 | D:5      | Learned a level 4 spell: Fulminant Prism
  4000 | D:5      | Gained mutation: You are agile. (Dex +4, Str/Int -1)
                  | [potion of mutation]
  4000 | D:5      | Gained mutation: You occasionally lose the ability to drink
                  | potions when taking damage. [potion of mutation]
  4005 | D:5      | Paralysed by a hornet for 2 turns
  4010 | D:5      | Killed a hornet
  4011 | D:5      | Reached skill level 7 in Spellcasting
  4011 | D:5      | Your scales start taking on a fiery red colour.
  4011 | D:5      | Reached XP level 7. HP: 11/50 MP: 10/18
  4011 | D:5      | Gained mutation: Your flesh is heat resistant. (rF+) [Red
                  | Draconian growth]
  4021 | D:5      | HP: 2/50 [black bear (1)]
  4542 | D:6      | Reached skill level 8 in Spellcasting
  4739 | D:6      | Reached skill level 1 in Alchemy
  4779 | D:6      | Lost mutation: You are agile. (Dex +4, Str/Int -1) [potion
                  | of mutation]
  4779 | D:6      | Lost mutation: You occasionally lose the ability to drink
                  | potions when taking damage. [potion of mutation]
  4779 | D:6      | Gained mutation: Your tail ends in a venomous barb. [potion
                  | of mutation]
  4779 | D:6      | Gained mutation: You have very sharp teeth. [potion of
                  | mutation]
  4923 | D:6      | Reached skill level 5 in Conjurations
  4923 | D:6      | Reached XP level 8. HP: 54/57 MP: 12/20
  4968 | D:6      | Found a staircase to the Ecumenical Temple.
  5011 | Temple   | Entered the Ecumenical Temple
  5015 | Temple   | Became a worshipper of Vehumet
  5162 | D:6      | Noticed Eustachio
  5176 | D:6      | Killed Eustachio
  5177 | D:6      | Found a hide-covered altar of Uskayaw.
  5413 | D:6      | Found a burning altar of Makhleb.
  6058 | D:7      | Found a white marble altar of Elyvilon.
  6645 | D:7      | Found Eggo's Magic Scroll Shoppe.
  6651 | D:7      | Bought a scroll of identify for 20 gold pieces
  6780 | D:8      | Reached XP level 9. HP: 49/62 MP: 12/21
  6972 | D:8      | Reached skill level 9 in Spellcasting
  7211 | D:8      | Reached * piety under Vehumet
  7211 | D:8      | Offered knowledge of Foxfire by Vehumet.
  7278 | D:8      | Reached skill level 10 in Spellcasting
  7558 | D:8      | Found an ornate altar of the Wu Jian Council.
  7649 | D:8      | Noticed Gastronok
  7675 | D:8      | HP: 2/62 [Gastronok (36)]
  7677 | D:8      | Annihilated by Gastronok

Illustrated notes

Levels and vault maps discovered:
D:1:      minmay_arrival_wavy_path, layout_basic, ebering_dispersal_statue_hall,
          minivault_23
D:2:      layout_loops_ring, basic_altar, due_unseen_surprise
D:3:      layout_loops_ring, minmay_misc_feat_tower, serial_bayou_ford_a
D:4:      layout_loops_corners, uniq_menkaure
D:5:      layout_cave_pools
D:6:      layout_basic, lemuel_doored_altar,
          nicolae_uskayaw_murder_on_the_dancefloor, minmay_temple_entry_arrows,
          uniq_eustachio
D:7:      layout_gridville, mainiacjoe_overflow_brackets, serial_shops, shop
D:8:      hangedman_cross_stitches, layout_basic, overflow_temple_1_default,
          due_unseen_surprise, uniq_gastronok
Temple:   nicolae_temple_x_marks_the_god

Skill      XL: |  1  2  3  4  5  6  7  8  9 |
---------------+----------------------------+-----
Spellcasting   | 3 4 5 6 7 8 10 | 10.4
Alchemy        | 2 4 |  4.0
Conjurations   | 5 8 |  8.0
Dodging        | |  1.7
Stealth        | |  1.7

Action                     |  1- 3 |  4- 6 |  7- 9 || total
---------------------------+-------+-------+-------++-------
  Melee: Unarmed           |    23 |       |       ||    23
         Dagger            |     2 |       |       ||     2
         Tailslap          |     2 |     6 |    13 ||    21
         Spear             |    37 |       |    88 ||   125
         Quarterstaff      |     4 |    46 |       ||    50
         Bite              |       |       |     8 ||     8
         Punch             |       |       |     1 ||     1
   Cast: Magic Dart        |    42 |    16 |    36 ||    94
         Searing Ray       |     5 |    15 |    27 ||    47
         Fulminant Prism   |       |       |    12 ||    12
Ability: Breathe Fire      |       |       |    12 ||    12
  Evoke: Wand              |       |     4 |     4 ||     8
    Use: Scroll            |     4 |     2 |     3 ||     9
         Potion            |       |     2 |     4 ||     6
   Stab: Sleeping          |     1 |     1 |     2 ||     4
 Armour: Skin              |    50 |    45 |   135 ||   230
  Dodge: Dodged            |    72 |    42 |    64 ||   178

Table legend: (Time is in decaauts)
 A = Elapsed time spent in this place.
 B = Non-inter-level travel time spent in this place.
 C = Inter-level travel time spent in this place.
 D = Time resting spent in this place.
 E = Time spent auto-exploring this place.
 F = Levels seen in this place.
 G = Mean time per level.
                   A        B        C        D        E       F      G
               +--------+--------+--------+--------+--------+-----+--------+
         Total |   7720 |   7494 |    226 |   1737 |   4659 |   9 |  857.8 |
       Dungeon |   7711 |   7492 |    219 |   1737 |   4659 |   8 |  963.9 |
        Temple |      8 |      2 |      6 |      0 |      0 |   1 |    8.0 |
               +--------+--------+--------+--------+--------+-----+--------+

Top non-repeatable levels by time:
     D:4: 1223 daAuts
     D:7: 1151 daAuts
     D:6: 1071 daAuts
     D:1: 1034 daAuts
     D:8: 924 daAuts
     D:5: 796 daAuts
     D:2: 765 daAuts
     D:3: 743 daAuts
  Temple: 8 daAuts
